 Dungeon Crawl Stone Soup version 0.23.0 (webtiles) character file.

Game seed: 8721444732600933643

3162 Faca the Fighter (level 9, -2/85 HPs)
             Began as a Centaur Gladiator on Feb 13, 2019.
             Was a Priest of Okawaru.
             Slain by an earth elemental (18 damage)
             ... summoned by a deep elf mage
             ... in a bailey.
             The game lasted 00:15:07 (6607 turns).

Faca the Fighter (Centaur Gladiator)                Turns: 6607, Time: 00:15:07

Health: -2/85      AC: 14    Str: 19    XL:     9   Next: 63%
Magic:  9/9        EV:  8    Int:  7    God:    Okawaru [***...]
Gold:   302        SH:  0    Dex: 12    Spells: 8/8 levels left

rFire    . . .     SeeInvis .   i - +3 halberd (freeze)
rCold    . . .     Gourm    .   (shield currently unavailable)
rNeg     . . .     Faith    .   t - +1 leather armour of Genoom {+Blink +Inv rCorr Slay+5} (curse)
rPois    .         Spirit   .   c - +1 helmet
rElec    .         Reflect  .   x - +1 cloak
rCorr    +         Harm     .   q - +0 pair of gloves
MR       .....                  v - +0 centaur barding
Stlth    +.........             (no amulet)
HPRegen  0.24/turn              (no ring)
MPRegen  0.11/turn              (no ring)

@: very quick
A: large, hooves 3, deformed body, speed 2, tough skin 3
a: Heroism, Renounce Religion, Evoke Blink, Evoke Invisibility


You were in a bailey.
You worshipped Okawaru.
Okawaru was most pleased with you.
You were not hungry.

You visited 2 branches of the dungeon, and saw 9 of its levels.
You also visited: Bailey.

You collected 302 gold pieces.

Inventory:

Hand Weapons
 a - a +1 trident
 i - a +3 halberd of freezing (weapon)
 y - a +4 spear
Missiles
 d - 2 throwing nets (quivered)
 A - 4 javelins of returning
Armour
 c - a +1 helmet (worn)
 q - a +0 pair of gloves (worn)
 s - a +3 scale mail of magic resistance
 t - the cursed +1 leather armour of Genoom (worn) {+Blink +Inv rCorr Slay+5}
   (You found it on level 6 of the Dungeon)

   It affects your accuracy and damage with ranged weapons and melee attacks
   (+5).
   It lets you turn invisible.
   It lets you blink.
   It provides partial protection from all sources of acid and corrosion.
   It has a curse placed upon it.
 v - a +0 centaur barding (worn)
 x - a +1 cloak (worn)
Wands
 m - a wand of flame (21)
 u - a wand of paralysis (5)
Scrolls
 e - a scroll of fear {unknown}
 g - 2 scrolls of immolation
 k - 4 scrolls of teleportation
 n - 2 scrolls of remove curse
 p - 2 scrolls of enchant weapon
Potions
 b - a potion of heal wounds
 h - 2 potions of brilliance
 j - a potion of agility
 l - 2 potions of flight
 o - 2 potions of cancellation
 r - a potion of haste {unknown}
 w - 3 potions of lignification
 z - a potion of mutation {unknown}
Comestibles
 f - 6 rations


   Skills:
 + Level 9.8 Fighting
 + Level 9.3 Polearms
 - Level 2.1 Throwing
 - Level 2.1 Dodging


You had 8 spell levels left.
You didn't know any spells.
Your spell library contained the following spells:

 Spells                   Type           Power        Failure   Level  Hunger
 Magic Dart               Conj           #...         50%         1    ##.....
 Blink                    Tloc           N/A          63%         2    ###....
 Call Imp                 Summ           #.......     63%         2    ###....
 Slow                     Hex            #.......     63%         2    ###....
 Conjure Flame            Conj/Fire      #.......     86%         3    ####...
 Mephitic Cloud           Conj/Pois/Air  #.......     86%         3    ####...


Dungeon Overview and Level Annotations

Branches:
Dungeon (7/15)             Temple (1/1) D:4

Altars:
Cheibriados
Dithmenos
Fedhas
Gozag
Hepliaklqana
Kikubaaqudgha
Makhleb
Okawaru
Qazlal
Sif Muna
Uskayaw
Vehumet
Wu Jian
Xom
Yredelemnul
Zin
The Shining One

Annotations:
D:5 2 transporters


Innate Abilities, Weirdness & Mutations

You have hooves in place of feet.
Armour fits poorly on your strangely shaped body.
You cover ground very quickly.
You have extremely tough skin. (AC +3)


Message History

You hear a shout!
The deep elf mage hits you but does no damage.
The deep elf mage mumbles some strange words.
You closely miss the deep elf mage.
You kick the deep elf mage, but do no damage.
The deep elf mage is lightly wounded.
The deep elf mage hits you but does no damage. x2
A - 4 javelins of returning The deep elf mage casts a spell.
The deep elf mage blinks!
The deep elf mage points at you and mumbles some strange words.
The stone arrow misses you.
You closely miss the deep elf mage. Your kick misses the deep elf mage.
The deep elf mage is lightly wounded.
The deep elf mage casts a spell.
The deep elf mage casts a spell at you. The bolt of magma hits you!
* * * LOW HITPOINT WARNING * * *
The earth elemental hits you!!
You die...

#####
######...##
##..##..∩..#
#....#.....#
#....##...##
##..##'####
###...##
#.....#
#..@..#
#.).E.#
##....#
#####e#


#EE e... ....# .e..# ..## You could see 3 earth elementals and 3 deep elf magi.

Vanquished Creatures
  3 deep elf magi (Bailey)
  Sigmund (D:4)
  Edmund (D:3)
  An orc warrior (D:6)
  Purgy (D:4)
  An ice beast (D:6)
  A phantom (D:6)
  2 ogres
  2 bullfrogs
  2 scorpions (D:6)
  2 wights (D:7)
  5 howler monkeys
  5 orc priests
  A gnoll shaman (D:4)
  An iguana (D:4)
  3 orc wizards
  4 worker ants
  A hound zombie (D:7)
  A worker ant zombie (D:5)
  3 gnolls (D:5)
  A howler monkey skeleton (D:4)
  6 adders
  A shadow imp (D:6)
  An ooze (D:3)
  An adder zombie (D:7)
  An adder skeleton (D:4)
  2 worms (D:2)
  A dart slug (D:3)
  5 leopard geckos
  31 orcs
  10 bats
  6 giant cockroaches
  9 hobgoblins
  2 jackals (D:5)
  2 quokkas
  3 ball pythons
  A frilled lizard (D:1)
  12 goblins
  12 kobolds
  9 rats
157 creatures vanquished.

Notes
Turn   | Place    | Note
-------+----------+-------------------------------------------
     0 | D:1      | Faca the Centaur Gladiator began the quest for the Orb.
     0 | D:1      | Reached XP level 1. HP: 17/17 MP: 1/1
   107 | D:1      | Reached XP level 2. HP: 13/25 MP: 2/2
   631 | D:2      | Reached XP level 3. HP: 28/30 MP: 3/3
   860 | D:2      | Found a blossoming altar of Fedhas.
  1275 | D:2      | Reached XP level 4. HP: 36/38 MP: 4/4
  2004 | D:3      | Reached XP level 5. HP: 34/46 MP: 5/5
  2293 | D:4      | Noticed Purgy
  2309 | D:4      | Killed Purgy
  2581 | D:4      | Found a staircase to the Ecumenical Temple.
  2590 | Temple   | Entered the Ecumenical Temple
  2673 | D:4      | Noticed an ogre
  2676 | D:4      | Noticed Edmund
  2717 | D:4      | Killed an ogre
  2717 | D:4      | Reached XP level 6. HP: 55/55 MP: 6/6
  2730 | D:3      | Reached skill level 5 in Polearms
  2900 | D:3      | Killed Edmund
  2900 | D:3      | Reached skill level 5 in Fighting
  3066 | D:4      | Found an iron altar of Okawaru.
  3070 | D:4      | Became a worshipper of Warmaster Okawaru
  3390 | D:4      | Reached XP level 7. HP: 60/61 MP: 7/7
  3540 | D:4      | Noticed Sigmund
  3551 | D:4      | Killed Sigmund
  3609 | D:4      | Found a radiant altar of Vehumet.
  3834 | D:4      | Found an ancient bone altar of Kikubaaqudgha.
  4120 | D:5      | Entered Level 5 of the Dungeon
  4535 | D:5      | Found a transporter.
  4629 | D:5      | Reached * piety under Okawaru
  5267 | D:5      | Found a transporter.
  5277 | D:5      | Found a basalt altar of Yredelemnul.
  5372 | D:6      | Reached XP level 8. HP: 63/71 MP: 8/8
  5739 | D:6      | Got a brightly glowing leather armour
  5750 | D:6      | Identified the cursed +1 leather armour of Genoom {+Blink
                  | +Inv rCorr Slay+5} (You found it on level 6 of the Dungeon)
  5755 | D:6      | Found a hazy altar of Hepliaklqana.
  5791 | D:6      | Reached ** piety under Okawaru
  6261 | D:7      | Found a hide-covered altar of Uskayaw.
  6370 | D:7      | Reached XP level 9. HP: 76/82 MP: 9/9
  6414 | D:7      | You fall through a shaft!
  6418 | D:8      | Found a flagged portal.
  6439 | Bailey   | Entered a bailey
  6446 | Bailey   | Noticed a deep elf mage
  6452 | Bailey   | Killed a deep elf mage
  6452 | Bailey   | Reached *** piety under Okawaru
  6584 | Bailey   | Noticed a deep elf mage
  6585 | Bailey   | Noticed a deep elf mage
  6585 | Bailey   | Noticed a deep elf mage
  6589 | Bailey   | Killed a deep elf mage
  6589 | Bailey   | Noticed a deep elf mage
  6594 | Bailey   | Killed a deep elf mage
  6594 | Bailey   | Received a gift from Okawaru
  6599 | Bailey   | Noticed a deep elf mage
  6607 | Bailey   | Slain by an earth elemental

Skill      XL: |  1  2  3  4  5  6  7  8  9 |
---------------+----------------------------+-----
Polearms       | 3 4 5 6 8 9 |  9.3
Fighting       | 3 4 5 6 8 9 |  9.8
Throwing       | |  2.1
Dodging        | |  2.1

Action                   |  1- 3 |  4- 6 |  7- 9 || total
-------------------------+-------+-------+-------++-------
Melee: Trident           |   126 |   165 |    87 ||   378
       Kick              |    17 |    30 |    42 ||    89
       Halberd           |       |       |   118 ||   118
Throw: Throwing net      |       |       |     1 ||     1
  Use: Scroll            |       |     3 |    10 ||    13
       Potion            |       |       |     1 ||     1
  Eat: Chunk             |     1 |     3 |     2 ||     6
       Ration            |       |     1 |     2 ||     3
Armor: Leather armour    |    58 |    42 |    21 ||   121
       Chain mail        |       |     2 |       ||     2
       Gold dragon scale |       |     1 |     7 ||     8
       Ring mail         |       |       |    45 ||    45
       Scale mail        |       |       |     3 ||     3
Dodge: Dodged            |    54 |    42 |    35 ||   131
Block: Shield            |       |    48 |    24 ||    72
